Zazza, neutral female human Tourist -------------- ------# --------- |............| |.....####........| |........%...| |....|# |.......| ##.............| #-<...|####........| # |............| ###------ |....%..| ### |.............# ------------- # ------.-- # --------------# |`.........`-######### # #d# # |.....`.....| # # # |...-----...| # -----# ### |...|.{.|...| # |...|f # |..`|{.{|`..| ## |h)..@ ###|...|.{.|...| ----|- |...| #....--.--...| |..!^| ----- |.....`.....| |....| |`.........`| |>...| ------------- #############+....| ------ Zazza the Rambler Experience level: 1 Strength: 10 Dexterity: 10 Constitution: 18 Intelligence: 12 Wisdom: 9 Charisma: 16 Health: 0(12) Energy: 2(2) Def: 1 Gold: 715 Moves: 2729 Dungeon seed: dJTxKljC0CagArPj Game ID: Zazza_1619706320 Your Inventory: Coins $ - 715 gold pieces Amulets A - an uncursed amulet of ESP (being worn) Weapons a - 24 +2 darts (in quiver) s - 7 +0 darts T - 3 +0 orcish daggers (wielded) Armor e - an uncursed +0 Hawaiian shirt (being worn) r - an uncursed +0 orcish helm (being worn) X - an uncursed +0 pair of jumping boots Y - an uncursed +0 leather cloak Z - an uncursed burnt +0 pair of jumping boots (being worn) Comestibles b - 3 uncursed food rations c - 2 uncursed tripe rations d - 4 uncursed eggs f - an uncursed lembas wafer K - an uncursed sprig of wolfsbane Scrolls j - an uncursed scroll of magic mapping m - 3 uncursed scrolls of enchant armor t - 2 uncursed scrolls of enchant weapon u - an uncursed scroll of genocide v - an uncursed scroll of identify M - 2 uncursed scrolls of light O - an uncursed scroll of teleportation U - an uncursed scroll of create monster V - a cursed scroll of light Spellbooks o - an uncursed spellbook of healing D - an uncursed spellbook of detect monsters Potions i - 2 uncursed potions of extra healing p - an uncursed potion of full healing x - an uncursed potion of levitation z - an uncursed potion of fruit juice E - an uncursed potion of booze F - an uncursed potion of gain ability J - an uncursed potion of water L - an uncursed potion of blindness Q - an uncursed potion of monster detection Rings w - an uncursed ring of hunger P - an uncursed ring of cold resistance Wands n - a wand of undead turning (0:4) q - a blessed wand of magic missile (0:3) B - a wand of slow monster (0:4) H - a wand of digging (0:4) I - a wand of striking (0:6) W - a wand of create monster (0:11) Tools k - an uncursed skeleton key R - an uncursed blindfold S - an expensive camera (0:68) Gems y - 2 uncursed worthless pieces of green glass C - an uncursed citrine stone N - an uncursed worthless piece of violet glass Spells and supernatural/magical abilities: Name Level Category Fail Memory W - pray for help -- divine ? -- Y - supernatural jump -- ability ? -- Your skills at the end: Fighting Skills Weapon Skills dart [Basic] Spellcasting Skills Final Attributes: You were nominally aligned. You were poison resistant. You were telepathic. You could jump. You were lucky. You are dead. Vanquished creatures: a shrieker a kobold lord 4 giant rats a red mold a gnome 2 gnome zombies 8 geckos 4 jackals 6 foxes 4 goblins a sewer rat 3 grid bugs 2 bats 2 lichens 2 kobold zombies 8 newts 50 creatures vanquished. Voluntary challenges: You had been an atheist until turn 2435. You used a wielded weapon 1 time, starting on turn 2610. You were a pacifist. You read items or engraved 19 times, starting on turn 1. You never genocided any monsters. You never polymorphed an object. You never changed form. You used no wishes. You never split a pudding. You wrote Elbereth's name 12 times, starting on turn 124. You never violated your personal moral code. Dungeon overview: The Dungeons of Doom: levels 1 to 5 Level 1 some fountains a long staircase Level 2 a general store Level 3 an armor shop, some fountains Level 4 a fountain stairs to The Gnomish Mines Level 5 <- You were here many fountains The Gnomish Mines: Level 5 stairs to The Dungeons of Doom History has recorded: On T:1 you entered the Dungeons of Doom to retrieve the Amulet of Yendor! On T:54 you reached level 2 of The Dungeons of Doom. On T:1217 you reached level 3 of The Dungeons of Doom. On T:1711 you reached level 4 of The Dungeons of Doom. On T:2017 you reached level 1 of The Gnomish Mines. On T:2330 you reached level 5 of The Dungeons of Doom. Score breakdown: Gold: 461 ( 9064 points) Experience: 1 level ( 0 points) Exploration: 5 levels ( 9.43%) ( 8320 points) Discoveries: 15 items ( 5.03%) ( 6730 points) Valuables value: (no points given unless you survive) Artifact value: 0 ( 0 points) Variety of kills: 16 monsters ( 4.20%) ( 6147 points) Turncount: 2729 turns ( -460 points) Survival: died (score multiplied by 80%) Total score: 23840 Latest messages: The kobold zombie misses the little dog. The little dog misses the kobold zombie. (2x) You displace Armand. The kobold zombie misses the little dog. The little dog misses the kobold zombie. Armand bites the kobold zombie. The kobold zombie is destroyed! You displace Armand. Armand misses the kobold lord. Armand bites the kobold lord. The kobold lord misses Armand. Armand bites the kobold lord. The kobold lord is killed! You stop. Armand is in the way! You displace your little dog. m - a scroll labeled XIXAXA XOXAXA XUXAXA. M - a scroll labeled FOOBIE BLETCH. You stop running. You displace Armand. You hear some noises. You displace Armand. The hobbit zaps a hexagonal wand! The bolt of fire hits you! Your boots smoulder! You die... Final status: Aloha Zazza the Tourist, killed by a bolt of fire... You died in The Dungeons of Doom on dungeon level 5 with 23840 points, and 715 pieces of gold, after 2729 moves. You were level 1 with a maximum of 12 hit points when you died.